Map: Abandoned Camp

Players

Kamelot

  • Race: Protoss Protoss
  • Spawn Location: 3:00

Ettrup

  • Race: Protoss Protoss
  • Spawn Location: 5:00

PUSHAS

  • Race: Terran Terran
  • Spawn Location: 3:00

jackkass - Winner!

  • Race: Protoss Protoss
  • Spawn Location: 7:00

Infamous - Winner!

  • Race: Protoss Protoss
  • League: Gold
  • Spawn Location: 11:00

ArgyreAuton - Winner!

  • Race: Zerg Zerg
  • Spawn Location: 9:00

VOD

Have the link to the VOD?

Description

Time

  • Played on: April 24, 2018, 9:40 a.m.
  • Length: 11:20
Show
View Real Time Build Order
Export as new Build Order

Kamelot Protoss 

Build Orders:  

Get SALT Encoding   

  12  0:13  Pylon  
  12  0:35  Forge  
  12  0:37  Probe  
  13  0:49  Probe  
  14  0:52  Pylon  
  14  1:01  Probe  
  15  1:13  Photon Cannon  
  15  1:40  Probe, Gateway  
  15  1:46  Photon Cannon  
  16  1:52  Probe  
  16  1:53  Pylon  
  17  2:05  Photon Cannon  
  17  2:09  Photon Cannon  
  17  2:21  Photon Cannon  
  16  2:33  Photon Cannon  
  16  2:39  Photon Cannon  
  16  2:49  Pylon  
  16  3:00  Pylon  
  16  3:20  Cybernetics Core  
  16  3:24  Assimilator  
  17  3:27  Probe  
  17  3:30  Assimilator  
  17  3:39  Probe, Photon Cannon  
  18  3:51  Probe  
  19  4:03  Probe  
  20  4:15  Probe  
  21  4:21  Photon Cannon  
  21  4:35  Gateway  
  21  4:36  Gateway  
  21  4:38  Gateway  
  21  4:41  Probe  
  22  4:53  Probe  
  23  5:56  Pylon  
  23  6:01  Pylon  
  21  6:37  Nexus  
  21  10:37  Nexus  
Show
View Real Time Build Order
Export as new Build Order

Ettrup Protoss 

Build Orders:  

Get SALT Encoding   

  12  0:07  Probe  
  13  0:15  Probe  
  14  0:25  Probe  
  15  0:53  Pylon  
  15  1:07  Assimilator  
  15  1:11  Probe  
  15  1:16  Assimilator  
  16  1:22  Gateway  
  16  1:23  Probe  
  17  1:29  Forge  
  17  1:32  Probe  
  18  1:40  Probe  
  19  1:50  Probe  
  20  1:55  Gateway  
  20  1:58  Gateway  
  20  2:00  Gateway  
  20  2:02  Probe  
  21  2:14  Probe  
  22  2:34  Pylon  
  22  2:36  Pylon  
  22  2:45  Pylon  
  22  2:52  Zealot  
  22  2:58  Zealot x2  
  28  3:04  Zealot  
  30  3:19  Zealot  
  32  3:20  Protoss Ground Weapons Level 1  
  32  3:25  Zealot  
  34  3:29  Probe  
  35  3:46  Zealot  
  37  3:53  Nexus  
  37  3:58  Assimilator  
  37  4:03  Assimilator  
  37  4:09  Pylon  
  37  4:15  Pylon  
  37  4:42  Cybernetics Core  
  37  4:46  Zealot x3  
  29  6:07  Stalker  
  29  6:08  Stalker x3  
  37  6:19  Probe  
  38  6:31  Probe  
  39  6:34  Stargate  
  39  6:37  Stalker  
  39  6:38  Stalker x3  
  47  6:43  Probe  
  47  6:44  Stargate  
  48  7:01  Stargate  
  48  7:03  Probe  
  48  7:07  Stalker x2  
  57  7:08  Sentry x2  
  57  7:14  Probe  
  58  7:16  Probe  
  59  7:26  Probe x2  
  20  9:11  Nexus  
  20  9:21  Assimilator  
  19  9:24  Assimilator  
  16  10:01  Pylon x2  
  16  10:04  Pylon  
  16  10:07  Pylon  
  16  10:08  Pylon  
Show
View Real Time Build Order
Export as new Build Order

PUSHAS Terran 

Build Orders:  

Get SALT Encoding   

  12  0:02  SCV  
  13  0:14  SCV  
  14  0:32  Supply Depot  
  14  0:40  SCV  
  15  0:54  SCV  
  16  0:59  Barracks  
  16  1:06  SCV  
  17  1:18  SCV  
  18  1:23  Refinery  
  18  1:30  SCV  
  19  1:50  Marine  
  20  1:58  Supply Depot  
  20  2:03  SCV  
  20  2:08  Marine  
  21  2:15  SCV  
  23  2:24  Refinery  
  23  2:26  Marine  
  23  2:27  SCV  
  25  2:35  Engineering Bay  
  25  2:39  SCV  
  25  2:44  Marine  
  27  2:51  SCV  
  28  3:01  Marine  
  29  3:12  Orbital Command  
  29  3:22  Factory  
  29  3:23  Terran Infantry Weapons Level 1  
  29  3:32  Barracks Tech Lab  
  29  3:54  Ghost Academy  
  29  4:12  Factory Tech Lab, Armory  
  29  4:23  Refinery  
  29  4:42  Supply Depot  
  29  4:53  Nuke  
  29  4:56  Ghost  
  31  5:05  Supply Depot  
  31  5:08  Engineering Bay  
  31  5:19  Terran Infantry Weapons Level 2  
  31  5:25  Ghost  
  33  5:41  SCV  
  34  5:54  SCV, Marauder  
  34  5:57  Armory  
  37  6:06  SCV  
  38  6:15  Marauder  
  40  6:23  Barracks, Terran Infantry Armor Level 1  
  40  6:36  Ghost  
  42  6:57  Orbital Command  
  42  7:04  Ghost  
  42  7:05  Refinery  
  44  7:18  Barracks Tech Lab  
  44  7:25  Starport  
  44  7:39  SCV  
  44  7:44  Personal Cloaking  
  45  7:51  SCV  
  46  8:02  Starport  
  46  8:03  SCV  
  47  8:09  Supply Depot  
  47  8:12  Starport Tech Lab  
  47  8:17  Terran Infantry Armor Level 2  
  47  8:30  SCV  
  47  8:32  Supply Depot  
  48  8:42  SCV  
  49  8:50  Fusion Core  
  49  8:54  Supply Depot  
  49  8:56  Siege Tank  
  49  8:59  Marine  
  53  9:17  Marine  
  54  9:31  SCV  
  55  9:34  Marine  
  56  9:43  SCV  
  57  9:52  Marine  
  57  9:55  SCV  
  59  10:03  Ghost  
  61  10:07  SCV  
  61  10:10  Marine  
  63  10:15  Supply Depot  
  63  10:19  SCV  
  44  10:32  Siege Tank  
  44  10:35  Marine  
  47  10:38  Supply Depot  
Show
View Real Time Build Order
Export as new Build Order

jackkass Protoss - Winner!

Build Orders:  

Get SALT Encoding   

  12  0:02  Probe  
  13  0:13  Probe  
  14  0:24  Probe  
  15  0:50  Pylon  
  15  0:56  Assimilator  
  15  1:07  Pylon  
  15  1:08  Probe  
  16  1:50  Forge  
  16  1:54  Gateway  
  12  2:15  Probe  
  7  2:23  Probe  
  4  2:31  Probe  
  4  2:43  Probe  
  5  2:56  Probe  
Show
View Real Time Build Order
Export as new Build Order

Infamous Protoss - Winner!

Build Orders: 1 Gate Expand 

Get SALT Encoding   

  12  0:02  Probe  
  13  0:18  Pylon  
  13  0:23  Probe  
  14  0:37  Probe, Gateway  
  15  0:45  Probe  
  16  0:59  Probe  
  16  1:01  Assimilator  
  17  1:07  Probe  
  18  1:20  Probe  
  19  1:43  Nexus  
  19  1:47  Probe  
  19  1:51  Assimilator  
  19  1:52  Cybernetics Core  
  19  1:53  Pylon  
  20  1:59  Probe  
  21  2:13  Probe  
  22  2:17  Warp Gate  
  22  2:21  Gateway  
  22  2:34  Probe  
  23  2:40  Stalker  
  23  2:41  Gateway  
  25  2:47  Probe  
  26  2:56  Probe  
  26  2:57  Probe  
  28  3:11  Stalker  
  30  3:13  Stalker  
  32  3:21  Probe  
  32  3:22  Robotics Facility  
  32  3:26  Pylon  
  33  3:29  Pylon  
  33  3:30  Sentry  
  35  3:39  Probe x2  
  37  3:42  Pylon  
  37  3:43  Pylon  
  37  3:51  Probe x2  
  39  4:01  Shield Battery  
  39  4:03  Probe x2, Shield Battery  
  41  4:13  Observer, Twilight Council  
  42  4:25  Probe x2  
  42  4:28  Assimilator  
  44  4:32  Immortal  
  44  4:33  Assimilator  
  44  4:37  Pylon  
  44  4:39  Pylon  
  44  4:41  Pylon  
  44  4:45  Robotics Facility  
  48  4:51  Stalker x3  
  54  5:13  Probe  
  54  5:14  Probe  
  56  5:25  Probe  
  56  5:26  Probe  
  56  5:27  Gateway  
  58  5:29  Gateway  
  58  5:31  Gateway  
  58  5:32  Zealot x3  
  64  5:38  Probe  
  61  5:57  Immortal  
  63  6:00  Immortal  
  63  6:02  Probe x2  
  69  6:06  Stalker x2  
  69  6:07  Stalker  
  75  6:11  Blink  
  75  6:18  Probe  
  75  6:19  Probe  
  77  6:27  Templar Archives  
  77  6:33  Gateway x2  
  77  6:35  Gateway x2, Stalker x2  
  77  6:36  Stalker  
  77  6:38  Gateway  
  83  6:41  Forge  
  83  6:56  Immortal x2  
  83  7:00  Forge  
  91  7:02  Forge, Zealot  
  91  7:03  Zealot x4  
  101  7:13  Pylon  
  101  7:22  Nexus  
  101  7:25  Pylon  
  101  7:26  Pylon  
  101  7:29  Psionic Storm  
  101  7:31  Pylon  
  99  8:04  Stalker x3  
  99  8:05  Stalker x4  
  109  8:06  Stalker  
  109  8:07  Zealot  
  111  8:26  Zealot x2  
  115  8:45  Immortal x2  
  115  8:47  Stalker x3  
  115  8:48  Stalker x4  
  135  8:49  Stalker  
  135  8:50  Zealot x3  
  145  8:56  Protoss Ground Armor Level 1  
  145  8:57  Protoss Ground Weapons Level 1  
  145  9:01  Probe x2  
  145  9:02  Probe  
  148  9:03  Protoss Shields Level 1  
  148  9:13  Probe  
  149  9:34  Robotics Bay  
  149  9:41  Pylon  
  149  9:44  Pylon  
  149  9:48  Pylon  
  149  9:49  Photon Cannon  
  149  9:51  Pylon x2  
  149  9:53  Pylon, Photon Cannon  
  149  9:55  Photon Cannon  
  149  9:59  Probe x2, Immortal, Photon Cannon  
  155  10:00  Photon Cannon  
  155  10:02  Photon Cannon  
  155  10:04  Photon Cannon  
  155  10:05  Photon Cannon  
  155  10:10  Photon Cannon  
  155  10:12  Photon Cannon  
  155  10:13  Zealot x5  
  155  10:14  Zealot x4  
  167  10:15  Zealot  
  167  10:35  Zealot  
  169  10:36  Zealot x2  
  169  10:37  High Templar  
  169  10:38  High Templar x4  
  169  10:39  High Templar x2  
  169  10:40  High Templar  
Show
View Real Time Build Order
Export as new Build Order

ArgyreAuton Zerg - Winner!

Build Orders: Pool First 

Get SALT Encoding   

  12  0:02  Drone  
  13  0:13  Overlord  
  13  0:19  Drone  
  14  0:38  Spawning Pool  
  14  0:40  Drone  
  14  0:41  Drone  
  15  0:46  Drone  
  16  0:55  Extractor  
  15  1:00  Drone  
  16  1:08  Drone  
  17  1:20  Drone  
  18  1:26  Drone  
  19  1:34  Overlord  
  19  1:51  Overlord  
  19  2:01  Zergling x2  
  20  2:16  Zergling x2  
  20  2:21  Metabolic Boost  
  21  2:24  Hatchery  
  20  2:32  Drone  
  21  2:37  Zergling x2  
  20  3:11  Zergling x4  
  20  3:12  Zergling x2  
  23  3:19  Lair  
  22  3:36  Zergling x2  
  22  3:39  Zergling x4  
  25  3:49  Hatchery  
  25  3:51  Drone  
Tags
 
Add a new tag
Caveats
  • Supply blocks, unpowered buildings, or Contaminate may cause inaccurate times.
  • Supply counts are checked every 10 seconds.